 Dungeon Crawl Stone Soup version 0.29.1-4-g47bece8355 (webtiles) character file.

Game seed: 7890006659121251210

3880 MajorAdolf the Covert (level 10, 0/94 HPs)
             Began as a Naga Wanderer on Dec 4, 2022.
             Was an Initiate of Gozag.
             Slain by a yak (14 damage)
             ... on level 8 of the Dungeon.
             The game lasted 00:27:19 (21283 turns).

MajorAdolf the Covert (Naga Wanderer)              Turns: 21283, Time: 00:27:19

Health: 0/94       AC:  9    Str: 17    XL:     10   Next: 19%
Magic:  11/11      EV: 13    Int: 15    God:    Gozag
Gold:   96         SH:  5    Dex: 10    Spells: 10/11 levels left

rFire   . . .      SeeInvis +   C - +4 hand axe
rCold   . . .      Faith    .   d - +0 buckler
rNeg    . . .      Spirit   .   v - +3 leather armour {Will+}
rPois   +          Reflect  .   (no helmet)
rElec   .          Harm     .   f - +0 cloak
rCorr   .          Rampage  .   g - +0 pair of gloves
Will    ++...                   (no barding)
Stlth   ++++......              (no amulet)
HPRegen 0.25/turn               l - +4 ring of evasion
MPRegen 0.12/turn               (no ring)

@: about to teleport, short of breath, gold aura, very slow
A: AC +3, large, see invisible, deformed body, poison resistance, slowness 2,
spit poison 1, naga tail 1
a: Spit Poison, Renounce Religion, Potion Petition, Call Merchant, Bribe Branch


You were on level 8 of the Dungeon.
You worshipped Gozag.
Gozag was noncommittal.
You visited 2 branches of the dungeon, and saw 10 of its levels.

You collected 989 gold pieces.
You paid 893 gold pieces to Gozag.

Inventory:

Hand Weapons
 i - a +0 sling
 C - a +4 hand axe (weapon)
Missiles
 B - a throwing net
Armour
 d - a +0 buckler (worn)
 f - a +0 cloak (worn)
 g - a +0 pair of gloves (worn)
 v - a +3 leather armour of willpower (worn)
 A - a +1 leather armour of cold resistance
Magical Staves
 r - a staff of conjuration
 x - a staff of cold
Jewellery
 l - a +4 ring of evasion (left hand)
Scrolls
 a - 2 scrolls of amnesia
 b - a scroll of fear
 e - a scroll of teleportation
 j - 3 scrolls of magic mapping
 k - a scroll of blinking
 u - a scroll of enchant weapon
 w - a scroll of vulnerability
 y - a scroll of enchant armour
 z - a scroll of torment {unknown}
Potions
 c - 3 potions of resistance
 h - a potion of degeneration {unknown}
 m - 3 potions of mutation
 n - 2 potions of flight {unknown}
 o - a potion of attraction {unknown}
 q - a potion of ambrosia {unknown}
 s - 2 potions of brilliance {unknown}
 t - 2 potions of might {unknown}


   Skills:
 + Level 7.1 Fighting
 + Level 5.1 Axes
 - Level 1.0 Dodging
 + Level 10.7 Stealth
 + Level 6.4 Shields
 - Level 1.0 Spellcasting
 - Level 3.0 Conjurations
 - Level 3.0 Translocations
 + Level 5.4 Evocations


You had 10 spell levels left.
You knew the following spells:

 Your Spells              Type           Power      Damage    Failure   Level
a - Magic Dart            Conj           36%        1d4       11%         1

Your spell library contained the following spells:

 Spells                   Type           Power      Damage    Failure   Level
 Apportation              Tloc           18%        N/A       11%         1
 Shock                    Conj/Air       20%        1d4       19%         1
 Gell's Gravitas          Tloc           9%         N/A       30%         3
 Sandblast                Erth           0%         2d4       34%         1
 Passwall                 Tmut/Erth      0%         N/A       47%         2
 Stone Arrow              Conj/Erth      10%        3d7       50%         3
 Swiftness                Air            0%         N/A       71%         3
 Flame Wave               Conj/Fire      5%         2d5       88%         4
 Airstrike                Air            0%         2d(0-16)  98%         4
 Borgnjor's Revivificati  Necr           0%         N/A       100%        8
 Necromutation            Tmut/Necr      0%         N/A       100%        8
 Death's Door             Necr           0%         N/A       100%        9


Dungeon Overview and Level Annotations

Branches:
Dungeon (9/15)             Temple (1/1) D:6
   Lair: D:8-11         Orc: D:9-12

Altars:
Ashenzari
Cheibriados
Dithmenos
Elyvilon
Fedhas
Gozag
Hepliaklqana
Kikubaaqudgha
Makhleb
Nemelex Xobeh
Okawaru
Qazlal
Ru
Sif Muna
Trog
Uskayaw
Vehumet
Wu Jian
Xom
Yredelemnul
The Shining One
Lugonu

Shops:
D:8 [

Annotations:
D:4 3 runed translucent doors, exclusions: ice beast, phantom and statue, Grinder; diceflayer's ghost, amateur MiFi
D:7 Maggie
D:8 3 runed translucent doors, Frank's ghost, novice DgFi


Innate Abilities, Weirdness & Mutations

Your serpentine skin is tough. (AC +3)
You have supernaturally acute eyesight. (SInv)
Armour fits poorly on your strangely shaped body.
Your system is resistant to poisons. (rPois)
You cover ground very slowly.
You can spit poison.
You have a snake-like lower body.


Message History

The yak is almost dead.
The yak looks more healthy.
The yak gores you.
Unknown command.
You hit the yak.
The yak is almost dead.
The yak gores you!
You hit the yak.
You kill the yak!
You hit the yak.
The yak is heavily wounded.
You hit the yak.
The yak is lightly wounded.
The yak gores you.
You hit the yak but do no damage.
The yak is lightly wounded.
The yak gores you!
* * * LOW HITPOINT WARNING * * *
You hit the yak but do no damage.
The yak is lightly wounded.
The yak gores you!
* * * LOW HITPOINT WARNING * * *
Unknown command.
You feel better. The yak completely misses you.
Unknown command.
Aiming: Spit Poison (1% risk of failure)
Press: ? - help, Shift-Dir - straight line, f - yak
Aim: a yak (lightly wounded, 78% to hit)
The splash of poison hits the yak.
The yak is poisoned.
The yak is lightly wounded.
The yak gores you!
* * * LOW HITPOINT WARNING * * *
You hit the yak.
The yak is moderately wounded.
The yak gores you.
* * * LOW HITPOINT WARNING * * *
Unknown command.
As you read the scroll of teleportation, it crumbles to dust.
You feel strangely unstable. The yak gores you!
You die...
Your body crumbles into a pile of gold.

#....##+++##..###...##'
#...##KKKKK##.###...#
#.Y.#WK#K#K.#.......#
#...#♣.#.#.♣#.......#
#...#..#.#..#.......#
#...##.... ##.##....#..
#...###..$##..#####+#..
#....Y#####.........#..
#....#@..##...##....#..
#.>..#...#######....#..
#...##........##....#..
######........##....#..
#.............[#....+..
#........##...##....#..
#........##...##....#..
#...................#..
#...................#..


You could see a yak (poisoned).

Vanquished Creatures
  6 yaks
  A wyvern (D:8)
  Edmund (D:5)
  Menkaure (D:4)
  A water moccasin (D:6)
  Duvessa (D:7)
  2 ice beasts
  An orc warrior (D:7)
  2 phantoms
  2 kobold brigands
  3 necrophages
  A gnoll sergeant (D:6)
  3 scorpions
  13 wights
  Dowan (D:7)
  3 killer bees
  A howler monkey (D:8)
  3 jellies
  2 hounds
  A gnoll bouda (D:8)
  2 iguanas (D:5)
  2 orc wizards
  9 gnolls
  8 adders
  A white imp (D:7)
  3 ufetubi
  4 worms
  A dart slug (D:3)
  10 orcs
  5 bats
  10 endoplasms
  6 giant cockroaches
  11 goblins
  4 hobgoblins
  4 jackals (D:3)
  4 quokkas
  12 ball pythons
  3 frilled lizards
  11 kobolds
  7 rats
166 creatures vanquished.

Vanquished Creatures (others)
  A fungus (D:8)
  3 plants (D:8)
4 creatures vanquished.

Grand Total: 170 creatures vanquished

Notes
Turn   | Place    | Note
-------+----------+-------------------------------------------
     0 | D:1      | MajorAdolf the Naga Wanderer began the quest for the Orb.
     0 | D:1      | MajorAdolf set off with the following items: a +0 club, a
                  | scroll of fear, a +0 robe, a +0 buckler; and the following
                  | spells available to memorise: Apportation, Magic Dart,
                  | Shock, Gell's Gravitas, Flame Wave.
     0 | D:1      | Reached XP level 1. HP: 18/18 MP: 2/2
   340 | D:1      | Reached skill level 1 in Stealth
   617 | D:1      | Reached XP level 2. HP: 19/25 MP: 3/3
  1588 | D:1      | Learned a level 1 spell: Magic Dart
  1658 | D:1      | Reached skill level 2 in Stealth
  1751 | D:1      | Reached XP level 3. HP: 31/32 MP: 0/4
  2973 | D:2      | Reached skill level 3 in Stealth
  3134 | D:2      | Reached XP level 4. HP: 39/39 MP: 2/5
  3821 | D:3      | Found a hide-covered altar of Uskayaw.
  3821 | D:3      | Noticed a +0 short sword
  3822 | D:3      | Noticed a +0 falchion
  3822 | D:3      | Noticed a +0 spear
  3822 | D:3      | Noticed a +0 dagger
  3823 | D:3      | Noticed a +0 falchion
  3823 | D:3      | Noticed a +0 short sword
  3823 | D:3      | Noticed a +0 spear
  3824 | D:3      | Noticed a +0 dagger
  4076 | D:3      | Found a faded altar of an unknown god.
  4898 | D:3      | Reached skill level 4 in Stealth
  4898 | D:3      | Reached XP level 5. HP: 36/48 MP: 1/6
  5493 | D:4      | Noticed Menkaure
  5498 | D:4      | Killed Menkaure
  5499 | D:4      | Reached skill level 5 in Stealth
  5499 | D:4      | Reached XP level 6. HP: 35/56 MP: 7/7
  5687 | D:4      | Noticed an ice beast
  6090 | D:4      | Found a radiant altar of Vehumet.
  6687 | D:4      | Found a large runed translucent door.
  6687 | D:4      | Found a large runed translucent door.
  6687 | D:4      | Found a corrupted altar of Lugonu.
  6762 | D:4      | Noticed Grinder
  6791 | D:5      | Entered Level 5 of the Dungeon
  6839 | D:5      | Noticed Edmund
  6855 | D:5      | Reached skill level 6 in Stealth
  6855 | D:5      | Reached XP level 7. HP: 60/64 MP: 3/8
  7585 | D:5      | Found a shimmering altar of Xom.
  8636 | D:6      | Found a staircase to the Ecumenical Temple.
  8674 | Temple   | Entered the Ecumenical Temple
  8799 | Temple   | Became a worshipper of Gozag Ym Sagoz the Greedy
  9036 | D:4      | Found a runed translucent door.
  9074 | D:4      | Reached skill level 1 in Evocations
  9125 | D:4      | Noticed diceflayer's ghost (amateur MiFi)
  9575 | D:5      | Killed Edmund
  9576 | D:5      | Reached skill level 7 in Stealth
 10133 | D:6      | Reached XP level 8. HP: 25/73 MP: 9/9
 11292 | D:5      | Reached skill level 1 in Axes
 11817 | D:5      | Reached skill level 5 in Fighting
 12541 | D:6      | Reached skill level 8 in Stealth
 14229 | D:6      | Reached skill level 5 in Shields
 15224 | D:6      | Reached XP level 9. HP: 74/80 MP: 10/10
 16197 | D:7      | Reached skill level 9 in Stealth
 16428 | D:7      | Noticed Maggie
 16679 | D:7      | Noticed Duvessa
 16681 | D:7      | Noticed Dowan
 16702 | D:7      | Killed Duvessa
 16721 | D:7      | Killed Dowan
 19308 | D:8      | Reached skill level 10 in Stealth
 19993 | D:7      | Reached skill level 5 in Evocations
 19993 | D:7      | Reached XP level 10. HP: 58/92 MP: 11/11
 20853 | D:9      | Reached skill level 5 in Axes
 21227 | D:8      | Found a runed translucent gate.
 21228 | D:8      | Found a runed translucent gate.
 21229 | D:8      | Found a runed translucent gate.
 21229 | D:8      | Noticed a kobold demonologist
 21230 | D:8      | Noticed Frank's ghost (novice DgFi)
 21283 | D:8      | Slain by a yak

Illustrated notes

Levels and vault maps discovered:
D:1:      dpeg_arrival_radiant, layout_basic, minmay_misc_feat_enclosed,
          chequers_serial_rivers_small_b, minmay_quantized
D:2:      layout_basic
D:3:      layout_loops_cross, nicolae_uskayaw_en_pointe,
          hellmonk_ecumenical_altar_zigzags, corexii_hall_statues_u
D:4:      due_chaos_kobolds, layout_loops_ring, vehumet_statue, serial_shops,
          kennysheep_little_box, ebering_ghost_reflecting_pool, uniq_grinder,
          uniq_menkaure
D:5:      layout_basic, dk_xom_monty_hall, uniq_edmund
D:6:      layout_layer_cave, temple_pool_b, ebering_dispersal_statue_hall,
          kennysheep_doodads
D:7:      layout_layer_cave, uniq_maggie, uniq_duvessa
D:8:      layout_gridville, gammafunk_ghost_nasty_kobolds
D:9:      layout_big_octagon, zin_purify, minmay_between
Temple:   nicolae_temple_two_arcs

Skill      XL: |  1  2  3  4  5  6  7  8  9 10 |
---------------+-------------------------------+-----
Stealth        | 1 2 3 4 5 6 7 8 10 | 10.7
Fighting       | 2 3 4 5 6 7 |  7.1
Shields        | 2 3 4 5 6 |  6.4
Evocations     | 1 3 5 |  5.4
Axes           | 2 4 5 |  5.1
Dodging        | |  1.0
Spellcasting   | |  1.0
Conjurations   | |  3.0
Translocations | |  3.0

Action                   |  1- 3 |  4- 6 |  7- 9 | 10-12 || total
-------------------------+-------+-------+-------+-------++-------
Melee: Club              |    26 |       |       |       ||    26
       Dagger            |    51 |    60 |    70 |       ||   181
       Hand axe          |       |       |   304 |    50 ||   354
       Falchion          |       |       |    18 |       ||    18
 Cast: Magic Dart        |    47 |    94 |    91 |       ||   232
Invok: Call Merchant     |       |       |       |     1 ||     1
 Abil: Spit Poison       |    27 |    24 |    38 |     7 ||    96
Evoke: Wand              |       |       |    10 |       ||    10
  Use: Scroll            |     1 |     8 |     3 |     2 ||    14
       Potion            |     1 |     2 |     2 |     3 ||     8
 Stab: Paralysed         |       |       |     2 |       ||     2
Armor: Robe              |    39 |    24 |    46 |       ||   109
       Leather armour    |       |       |    31 |    13 ||    44
Dodge: Dodged            |    49 |    70 |   271 |    53 ||   443
Block: Buckler           |    15 |    30 |   102 |    18 ||   165
